[Event "RUS-chT Men Rapid 2019"]
[Site "Sochi"]
[Date "2019.10.18"]
[Round "1.1"]
[White "Tsydypov, Zhamsaran"]
[Black "Tekeyev, Zaur"]
[Result "1-0"]
[ECO "B32"]
[WhiteElo "2553"]
[BlackElo "2384"]
[Annotator "ChessBase"]
[PlyCount "45"]
[EventDate "2019.10.18"]
[EventType "swiss"]
[EventCountry "RUS"]
[SourceTitle "playchess.com"]
[Source "ChessBase"]
[SourceQuality "1"]
[TimeControl "900+10"]

1. e4 c5 2. Nf3 Nc6 3. d4 cxd4 4. Nxd4 e5 5. Nb5 d6 6. N1c3 a6 7. Na3 Be7 8. Nc4 b5 9. Ne3 Nf6 10. g3 O-O 11. Bg2 b4 12. Ncd5 Nxd5 13. Nxd5 Bg5 14. Bxg5 Qxg5 15. a3 Rb8 16. O-O a5 17. axb4 Nxb4 18. Nxb4 Rxb4 19. Qxd6 Rd8 20. Qc5 Rxb2 21. Rxa5 Qd2 22. Qxe5 Rxc2 23. Rd5 1-0

[Event "RUS-chT Men Rapid 2019"]
[Site "Sochi"]
[Date "2019.10.18"]
[Round "1.3"]
[White "Moiseenko, Vadim"]
[Black "Nechaev, Oleg"]
[Result "1-0"]
[ECO "B24"]
[WhiteElo "2532"]
[BlackElo "2371"]
[Annotator "ChessBase"]
[PlyCount "101"]
[EventDate "2019.10.18"]
[EventType "swiss"]
[EventCountry "RUS"]
[SourceTitle "playchess.com"]
[Source "ChessBase"]
[SourceQuality "1"]
[TimeControl "900+10"]

1. e4 c5 2. Nc3 Nc6 3. Bb5 g6 4. Bxc6 dxc6 5. d3 Bg7 6. f4 Nf6 7. Nf3 O-O 8. O-O b6 9. a4 a5 10. h3 Ne8 11. Be3 Nc7 12. Rb1 Ne6 13. Qd2 Nd4 14. Ne2 Nxf3+ 15. Rxf3 f5 16. exf5 Bxf5 17. b3 Qd5 18. Nc3 Qd7 19. Rbf1 h5 20. Bf2 e5 21. fxe5 Bxe5 22. Nd1 Bg7 23. Bg3 Kh7 24. Kh2 Be6 25. Ne3 Rxf3 26. Rxf3 Rf8 27. Rxf8 Bxf8 28. Be5 Bh6 29. Qf2 Bg7 30. Qf4 Bh6 31. Qf3 Bg7 32. Bxg7 Kxg7 33. Qf4 Qd4 34. Kg3 Qxf4+ 35. Kxf4 Kf6 36. h4 b5 37. c4 b4 38. Nd1 Bf5 39. Nf2 Ke6 40. Ne4 Bxe4 41. dxe4 Kf6 42. e5+ Ke6 43. g3 Ke7 44. g4 Ke6 45. gxh5 gxh5 46. Ke4 Ke7 47. Kf5 Kf7 48. e6+ Ke8 49. Kf4 Kf8 50. Ke4 Ke8 51. Kf5 1-0

[Event "RUS-chT Men Rapid 2019"]
[Site "Sochi"]
[Date "2019.10.18"]
[Round "1.4"]
[White "Rozhko, Dmitry"]
[Black "Rozum, Ivan"]
[Result "0-1"]
[ECO "A46"]
[WhiteElo "2305"]
[BlackElo "2599"]
[Annotator "ChessBase"]
[PlyCount "88"]
[EventDate "2019.10.18"]
[EventType "swiss"]
[EventCountry "RUS"]
[SourceTitle "playchess.com"]
[Source "ChessBase"]
[SourceQuality "1"]
[TimeControl "900+10"]

1. d4 Nf6 2. Nf3 e6 3. g3 b5 4. Bg2 Bb7 5. O-O c5 6. a4 b4 7. c3 Na6 8. Nbd2 Be7 9. dxc5 bxc3 10. bxc3 Nxc5 11. Nb3 Nce4 12. c4 Rc8 13. Qd4 Nc5 14. Nxc5 Bxc5 15. Qh4 Be7 16. Qd4 Qa5 17. Bd2 Qa6 18. Rfc1 O-O 19. Ne5 Bxg2 20. Kxg2 Rc7 21. Nd3 d6 22. e4 e5 23. Qe3 Rxc4 24. Nb4 Rxc1 25. Nxa6 Rxa1 26. Qxa7 Rxa4 27. Qb7 Nxe4 28. Be3 Nf6 29. Nb4 Re8 30. Nd5 Nxd5 31. Qxd5 Rea8 32. h4 R4a5 33. Qe4 Bf6 34. h5 d5 35. Qg4 d4 36. Bh6 Kh8 37. Bd2 Ra2 38. Qe4 Rd8 39. Qe1 h6 40. Ba5 Rd5 41. Bb4 d3 42. Qe4 Rd8 43. Qc4 Ra4 44. Qb5 Rxb4 0-1

[Event "RUS-chT Men Rapid 2019"]
[Site "Sochi"]
[Date "2019.10.18"]
[Round "1.6"]
[White "Potkin, Vladimir"]
[Black "Jary, Sergey"]
[Result "1/2-1/2"]
[ECO "A11"]
[WhiteElo "2583"]
[BlackElo "2275"]
[Annotator "ChessBase"]
[PlyCount "57"]
[EventDate "2019.10.18"]
[EventType "swiss"]
[EventCountry "RUS"]
[SourceTitle "playchess.com"]
[Source "ChessBase"]
[SourceQuality "1"]
[TimeControl "900+10"]

1. c4 c6 2. Nf3 Nf6 3. Nc3 d5 4. e3 g6 5. d4 Bg7 6. Be2 O-O 7. O-O Qb6 8. h3 Bf5 9. Bd2 Nbd7 10. cxd5 Nxd5 11. Nxd5 cxd5 12. Qb3 Qxb3 13. axb3 Rfc8 14. Rfc1 a6 15. g4 Be4 16. Bb4 Bxf3 17. Bxf3 e6 18. Kf1 Bf8 19. Bd2 Bd6 20. e4 Nb6 21. e5 Be7 22. Be2 Rxc1+ 23. Rxc1 Rc8 24. Rb1 f6 25. f4 Kf7 26. Bd3 f5 27. Ke2 Nd7 28. b4 b5 29. Ra1 1/2-1/2

[Event "RUS-chT Men Rapid 2019"]
[Site "Sochi"]
[Date "2019.10.18"]
[Round "1.10"]
[White "Truskavetsky, Alexandr"]
[Black "Yuffa, Daniil"]
[Result "0-1"]
[ECO "A62"]
[WhiteElo "2398"]
[BlackElo "2577"]
[Annotator "ChessBase"]
[PlyCount "72"]
[EventDate "2019.10.18"]
[EventType "swiss"]
[EventCountry "RUS"]
[SourceTitle "playchess.com"]
[Source "ChessBase"]
[SourceQuality "1"]
[TimeControl "900+10"]

1. d4 Nf6 2. c4 e6 3. g3 c5 4. d5 exd5 5. cxd5 d6 6. Nc3 g6 7. Bg2 Bg7 8. Nf3 O-O 9. O-O Re8 10. Bf4 Bf5 11. Nd2 Nh5 12. Be3 Nd7 13. Nc4 Ne5 14. Nxe5 Rxe5 15. Qd2 Rb8 16. a4 a6 17. Bg5 Qf8 18. e4 Bd7 19. a5 b5 20. axb6 Rxb6 21. Be3 f5 22. exf5 Bxf5 23. Ra4 Qb8 24. Ra2 Re8 25. Rfa1 Nf6 26. Bf4 Ng4 27. Bf3 Bd4 28. Bxg4 Bxg4 29. Be3 Be5 30. Bf4 Bd4 31. Be3 Bg7 32. Bh6 Bh8 33. Qg5 Qc8 34. Qd2 Bd4 35. Ra4 Bf3 36. Rxd4 Qh3 0-1

[Event "RUS-chT Men Rapid 2019"]
[Site "Sochi"]
[Date "2019.10.18"]
[Round "1.13"]
[White "Kardashevskiy, Evgeny"]
[Black "Goryachkina, Aleksandra"]
[Result "1/2-1/2"]
[ECO "D37"]
[WhiteElo "2428"]
[BlackElo "2575"]
[Annotator "ChessBase"]
[PlyCount "53"]
[EventDate "2019.10.18"]
[EventType "swiss"]
[EventCountry "RUS"]
[SourceTitle "playchess.com"]
[Source "ChessBase"]
[SourceQuality "1"]
[TimeControl "900+10"]

1. d4 Nf6 2. Nf3 d5 3. c4 e6 4. Nc3 a6 5. cxd5 exd5 6. Qb3 c5 7. Bg5 c4 8. Qc2 Bb4 9. e4 dxe4 10. Bxf6 Qxf6 11. Qxe4+ Qe6 12. Qxe6+ Bxe6 13. Ng5 Bd5 14. O-O-O Bxc3 15. bxc3 O-O 16. Nh3 b5 17. Nf4 Bb7 18. Be2 Nd7 19. Bf3 Bxf3 20. gxf3 Rfe8 21. Rde1 Kf8 22. Nd5 Rxe1+ 23. Rxe1 Nf6 24. Nxf6 gxf6 25. Re4 Rd8 26. Rf4 Kg7 27. Rg4+ 1/2-1/2

[Event "RUS-chT Men Rapid 2019"]
[Site "Sochi"]
[Date "2019.10.18"]
[Round "1.14"]
[White "Pridorozhni, Aleksei"]
[Black "Suleymenov, Alisher"]
[Result "1-0"]
[ECO "B24"]
[WhiteElo "2599"]
[BlackElo "2370"]
[Annotator "ChessBase"]
[PlyCount "71"]
[EventDate "2019.10.18"]
[EventType "swiss"]
[EventCountry "RUS"]
[SourceTitle "playchess.com"]
[Source "ChessBase"]
[SourceQuality "1"]
[TimeControl "900+10"]

1. e4 c5 2. Nc3 Nc6 3. Bb5 d6 4. Bxc6+ bxc6 5. d3 Nf6 6. f4 g6 7. Nf3 Bg7 8. O-O O-O 9. Qe1 Bg4 10. Nd2 Bd7 11. h3 Ne8 12. Nf3 Nc7 13. f5 Nb5 14. Nxb5 cxb5 15. Qh4 e6 16. Ng5 h5 17. g4 exf5 18. gxh5 Qf6 19. c3 Rfe8 20. h6 Bf8 21. Bf4 b4 22. Rae1 bxc3 23. bxc3 Rad8 24. e5 dxe5 25. Rxe5 Be6 26. Rfe1 Be7 27. h7+ Kh8 28. Rxe6 fxe6 29. Be5 Rf8 30. Bxf6+ Bxf6 31. Rxe6 Rxd3 32. Rxf6 Rxf6 33. Qe1 Rd8 34. Qe7 Rdf8 35. Ne6 R6f7 36. Qxf8+ 1-0

[Event "RUS-chT Men Rapid 2019"]
[Site "Sochi"]
[Date "2019.10.18"]
[Round "1.15"]
[White "Cherednichenko, Dmitrij"]
[Black "Potapov, Pavel"]
[Result "1/2-1/2"]
[ECO "A84"]
[WhiteElo "2275"]
[BlackElo "2489"]
[Annotator "ChessBase"]
[PlyCount "85"]
[EventDate "2019.10.18"]
[EventType "swiss"]
[EventCountry "RUS"]
[SourceTitle "playchess.com"]
[Source "ChessBase"]
[SourceQuality "1"]
[TimeControl "900+10"]

1. d4 f5 2. c4 Nf6 3. Nf3 g6 4. g3 Bg7 5. b4 c6 6. Bb2 d5 7. Nbd2 Ne4 8. Bg2 a5 9. cxd5 cxd5 10. b5 a4 11. Rb1 Nd7 12. O-O O-O 13. Ne5 Nb6 14. Ndf3 Be6 15. Rc1 Qd6 16. a3 Rfc8 17. Ne1 Nc4 18. Nxc4 dxc4 19. Bxe4 fxe4 20. Qd2 Bd7 21. Nc2 Bxb5 22. Ne3 Rc7 23. d5 Bf6 24. Bxf6 exf6 25. Qd4 Rac8 26. Qxe4 c3 27. Rfe1 Kg7 28. Nc2 Bc4 29. Nb4 Bb3 30. Qd3 c2 31. e4 Rc3 32. Qd4 Qc5 33. Qd2 Qd6 34. f4 Qc5+ 35. Kg2 Rd8 36. Qf2 f5 37. Qxc5 Rxc5 38. exf5 gxf5 39. Kf2 b5 40. Re5 Kf6 41. Re6+ Kg7 42. Re5 Kf6 43. Re6+ {[%emt 0:00:02] Ke5} 1/2-1/2

[Event "RUS-chT Men Rapid 2019"]
[Site "Sochi"]
[Date "2019.10.18"]
[Round "1.16"]
[White "Belyakov, Bogdan"]
[Black "Navrodskiy, Boris"]
[Result "1-0"]
[ECO "B13"]
[WhiteElo "2495"]
[BlackElo "2197"]
[Annotator "ChessBase"]
[PlyCount "59"]
[EventDate "2019.10.18"]
[EventType "swiss"]
[EventCountry "RUS"]
[SourceTitle "playchess.com"]
[Source "ChessBase"]
[SourceQuality "1"]
[TimeControl "900+10"]

1. e4 c6 2. d4 d5 3. exd5 cxd5 4. c4 Nf6 5. Nc3 Nc6 6. Nf3 Bg4 7. cxd5 Nxd5 8. Qb3 Bxf3 9. gxf3 e6 10. Qxb7 Nxd4 11. Bb5+ Nxb5 12. Qc6+ Ke7 13. Qxb5 Qd7 14. Nxd5+ exd5 15. Qe2+ Qe6 16. Be3 f6 17. O-O-O Kf7 18. Kb1 Qf5+ 19. Qd3 Qxf3 20. Qxd5+ Qxd5 21. Rxd5 Ke6 22. Rhd1 Be7 23. R5d4 f5 24. Re1 Bf6 25. Bh6+ Kf7 26. Rd7+ Kg6 27. Bxg7 Bxg7 28. Rg1+ Kh6 29. Rdxg7 Rhe8 30. R7g3 1-0

[Event "RUS-chT Men Rapid 2019"]
[Site "Sochi"]
[Date "2019.10.18"]
[Round "1.17"]
[White "Timofeev, Artyom"]
[Black "Skvortsov, Andrei"]
[Result "1/2-1/2"]
[ECO "A15"]
[WhiteElo "2595"]
[BlackElo "2139"]
[Annotator "ChessBase"]
[PlyCount "119"]
[EventDate "2019.10.18"]
[EventType "swiss"]
[EventCountry "RUS"]
[SourceTitle "playchess.com"]
[Source "ChessBase"]
[SourceQuality "1"]
[TimeControl "900+10"]

1. c4 Nf6 2. e3 c5 3. Be2 g6 4. h4 h5 5. Nf3 Nc6 6. b3 Bg7 7. Bb2 O-O 8. O-O d5 9. cxd5 Nxd5 10. Bxg7 Kxg7 11. Qc1 Qd6 12. Na3 b6 13. d4 cxd4 14. Nb5 Qc5 15. Qb2 Nc3 16. exd4 Nxe2+ 17. Qxe2 Qf5 18. d5 Ba6 19. a4 Bxb5 20. Qxb5 Ne5 21. Nxe5 Qxe5 22. Rfe1 Qf6 23. g3 Rfd8 24. Rac1 Rac8 25. Rc6 Rxc6 26. Qxc6 Rd6 27. Qc4 a5 28. Re4 Qa1+ 29. Kg2 Qf6 30. Re3 Qf5 31. Qc3+ Qf6 32. Qe5 Qxe5 33. Rxe5 Kf6 34. f4 e6 35. dxe6 Rxe6 36. Rb5 Re2+ 37. Kf3 Re6 38. Kf2 Kg7 39. Rd5 f5 40. Rd7+ Kf6 41. Rb7 Rc6 42. Ke2 Ke6 43. Kd3 Kd5 44. Rd7+ Kc5 45. Kc3 Re6 46. Rd3 Re4 47. Kc2 Re2+ 48. Kc3 Re4 49. Kb2 Re2+ 50. Ka3 Rg2 51. Re3 Rd2 52. Rc3+ Kd5 53. b4 Rd4 54. b5 Rc4 55. Re3 Re4 56. Rc3 Rc4 57. Re3 Re4 58. Rc3 Rc4 59. Re3 Re4 60. Rf3 1/2-1/2

[Event "RUS-chT Men Rapid 2019"]
[Site "Sochi"]
[Date "2019.10.18"]
[Round "1.19"]
[White "Faizrakhmanov, Ramil"]
[Black "Mochalin, Faddey"]
[Result "1-0"]
[ECO "D45"]
[WhiteElo "2434"]
[BlackElo "2199"]
[Annotator "NA"]
[PlyCount "71"]
[EventDate "2019.10.18"]
[EventType "swiss"]
[EventCountry "RUS"]
[SourceTitle "playchess.com"]
[Source "ChessBase"]
[SourceQuality "1"]
[TimeControl "900+10"]

1. d4 d5 2. c4 e6 3. Nf3 Nf6 4. Nc3 c6 5. e3 Nbd7 6. Qc2 Bd6 7. b3 O-O 8. Be2 b6 9. O-O Bb7 10. Bb2 Qe7 11. Rfd1 Rad8 12. h3 Rfe8 13. e4 dxe4 14. Nxe4 Nxe4 15. Qxe4 Nf6 16. Qh4 Nd7 17. Qe4 Nf6 18. Qe3 c5 19. Ne5 Qc7 20. Bf3 Bxf3 21. Nxf3 h6 22. Rd3 Rd7 23. Rad1 Red8 24. d5 Bf4 25. Qe2 exd5 26. Bxf6 gxf6 27. Rxd5 Rxd5 28. cxd5 Qd7 29. Qe4 Bd6 30. Nh4 Bf8 31. Nf5 Qe8 32. Qg4+ Kh7 33. Rd3 Qe1+ 34. Kh2 Bd6+ 35. Nxd6 Rxd6 36. Rg3 1-0

[Event "RUS-chT Men Rapid 2019"]
[Site "Sochi"]
[Date "2019.10.18"]
[Round "1.20"]
[White "Gutkovich, Polina"]
[Black "Samusenko, Maksim"]
[Result "0-1"]
[ECO "E61"]
[WhiteElo "2105"]
[BlackElo "2445"]
[Annotator "NA"]
[PlyCount "71"]
[EventDate "2019.10.18"]
[EventType "swiss"]
[EventCountry "RUS"]
[SourceTitle "playchess.com"]
[Source "ChessBase"]
[SourceQuality "1"]
[TimeControl "900+10"]

1. d4 Nf6 2. c4 g6 3. Nc3 Bg7 4. Nf3 O-O 5. Bg5 d6 6. e3 Nbd7 7. Be2 c6 8. O-O a6 9. h3 b5 10. Nd2 bxc4 11. Nxc4 c5 12. Rc1 cxd4 13. exd4 Rb8 14. Bf3 a5 15. b3 Ba6 16. Re1 Rc8 17. Na4 Re8 18. Qd2 Bxc4 19. bxc4 e5 20. c5 dxc5 21. dxc5 Qc7 22. c6 Nf8 23. Be3 e4 24. Bb6 Qe5 25. Be2 Ne6 26. Ba6 Ra8 27. Bb7 Rab8 28. Qxa5 Nd5 29. Ba7 Rbd8 30. Nc5 Nef4 31. Nd7 Qg5 32. g3 Nxh3+ 33. Kh2 Qh5 34. g4 Qxg4 35. Qxd5 Nf4 36. Qb3 0-1

[Event "RUS-chT Men Rapid 2019"]
[Site "Sochi"]
[Date "2019.10.18"]
[Round "1.22"]
[White "Gutenev, Alexander"]
[Black "Bogachkova, Alena"]
[Result "1-0"]
[ECO "B24"]
[WhiteElo "2469"]
[BlackElo "2060"]
[Annotator "ChessBase"]
[PlyCount "39"]
[EventDate "2019.10.18"]
[EventType "swiss"]
[EventCountry "RUS"]
[SourceTitle "playchess.com"]
[Source "ChessBase"]
[SourceQuality "1"]
[TimeControl "900+10"]

1. e4 c5 2. Nc3 Nc6 3. Bb5 Nd4 4. Nf3 g6 5. Bc4 Bg7 6. Nxd4 cxd4 7. Qf3 e6 8. Nb5 d6 9. Qa3 Be5 10. O-O g5 11. c3 dxc3 12. dxc3 Nh6 13. f4 gxf4 14. Bxf4 Qb6+ 15. Kh1 Ng4 16. Bxe5 Nxe5 17. Nxd6+ Kd8 18. Nxf7+ Nxf7 19. Rxf7 Re8 20. Rd1+ 1-0

[Event "RUS-chT Men Rapid 2019"]
[Site "Sochi"]
[Date "2019.10.18"]
[Round "1.23"]
[White "Mamedov, Elmin"]
[Black "Radzhabov, Rodion"]
[Result "0-1"]
[ECO "A01"]
[WhiteElo "2149"]
[BlackElo "2404"]
[Annotator "NA"]
[PlyCount "86"]
[EventDate "2019.10.18"]
[EventType "swiss"]
[EventCountry "RUS"]
[SourceTitle "playchess.com"]
[Source "ChessBase"]
[SourceQuality "1"]
[TimeControl "900+10"]

1. b3 d5 2. Bb2 Nf6 3. e3 g6 4. Nf3 Bg7 5. Bb5+ c6 6. Be2 O-O 7. O-O a5 8. a4 Nbd7 9. d4 Ne4 10. Nfd2 Nxd2 11. Nxd2 e5 12. dxe5 Nxe5 13. Rb1 Bf5 14. f4 Nd7 15. Bxg7 Kxg7 16. g4 Be4 17. Nxe4 dxe4 18. Qd4+ Nf6 19. Rbd1 Qxd4 20. Rxd4 Nd5 21. Kf2 Rfe8 22. Bc4 Nb6 23. Rfd1 Re7 24. Bf1 Nd5 25. c4 Nb4 26. Rd7 Rae8 27. R1d6 Na6 28. Rxe7 Rxe7 29. f5 gxf5 30. gxf5 f6 31. Kg3 Nc5 32. Kf4 Nxb3 33. Rd8 Nc5 34. Ra8 Re5 35. Ra7 Kf7 36. Kg4 h5+ 37. Kf4 Ke7 38. Be2 h4 39. Kg4 Kd6 40. Rxa5 Re8 41. Kxh4 Nb3 42. Ra7 Kc7 43. a5 Kb8 0-1

[Event "RUS-chT Men Rapid 2019"]
[Site "Sochi"]
[Date "2019.10.18"]
[Round "1.25"]
[White "Drygalov, Andrey"]
[Black "Chekhov, Sergei"]
[Result "0-1"]
[ECO "B41"]
[WhiteElo "2484"]
[BlackElo "2463"]
[Annotator "ChessBase"]
[PlyCount "90"]
[EventDate "2019.10.18"]
[EventType "swiss"]
[EventCountry "RUS"]
[SourceTitle "playchess.com"]
[Source "ChessBase"]
[SourceQuality "1"]
[TimeControl "900+10"]

1. e4 c5 2. Nf3 e6 3. d4 cxd4 4. Nxd4 a6 5. c4 Nf6 6. Nc3 Bb4 7. Qd3 Qc7 8. a3 Be7 9. Be2 d6 10. b4 Nbd7 11. f4 b6 12. O-O O-O 13. Be3 Rd8 14. Qc2 Bb7 15. Rac1 Rac8 16. Qb1 Qb8 17. f5 e5 18. Nb3 b5 19. Nd5 Bf8 20. Na5 Ba8 21. Bg5 bxc4 22. Bxf6 Nxf6 23. Nxf6+ gxf6 24. Bxc4 d5 25. Bxd5 Bxd5 26. exd5 Rxd5 27. Qe4 Rxc1 28. Rxc1 Qb6+ 29. Kh1 Rd4 30. Qe2 Bh6 31. Rf1 Qb5 32. Qe1 Rd3 33. Qe4 Rd4 34. Qe1 Rd3 35. Qe4 Rd4 36. Qe1 Bg5 37. Nb3 Rd3 38. Nc5 Rxa3 39. Qd1 Kg7 40. h4 Bf4 41. Ne4 h5 42. Nd6 Qc6 43. Rf3 Ra2 44. Qf1 Qxd6 45. Rd3 Qxd3 0-1

[Event "RUS-chT Men Rapid 2019"]
[Site "Sochi"]
[Date "2019.10.18"]
[Round "1.27"]
[White "Vastrukhin, Oleg"]
[Black "Popov, Maksim M."]
[Result "1-0"]
[ECO "A00"]
[WhiteElo "2428"]
[BlackElo "2152"]
[Annotator "NA"]
[PlyCount "65"]
[EventDate "2019.10.18"]
[EventType "swiss"]
[EventCountry "RUS"]
[SourceTitle "playchess.com"]
[Source "ChessBase"]
[SourceQuality "1"]
[TimeControl "900+10"]

1. g3 Nf6 2. Bg2 d5 3. Nf3 e6 4. O-O c5 5. d4 Nc6 6. c4 cxd4 7. Nxd4 Be7 8. Nc3 O-O 9. cxd5 Nxd5 10. Nxd5 exd5 11. Be3 Be6 12. Rc1 Rc8 13. Qa4 Bf6 14. b3 Qd7 15. Nxc6 bxc6 16. Qxa7 Qxa7 17. Bxa7 Ra8 18. Bc5 Rfb8 19. Rc2 Bf5 20. e4 dxe4 21. Be3 h5 22. h3 Rb4 23. Rd1 Be6 24. Bc5 Rb5 25. Bxe4 Rba5 26. Rdd2 Bxh3 27. Bxc6 Rc8 28. b4 Bf5 29. Rc1 Bg5 30. f4 Ra3 31. fxg5 Rxc6 32. b5 Rc8 33. Bxa3 1-0

[Event "RUS-chT Men Rapid 2019"]
[Site "Sochi"]
[Date "2019.10.18"]
[Round "1.28"]
[White "Rudakov, Sergey S."]
[Black "Utnasunov, Alexander"]
[Result "1-0"]
[ECO "B53"]
[WhiteElo "1855"]
[BlackElo "2442"]
[Annotator "NA"]
[PlyCount "81"]
[EventDate "2019.10.18"]
[EventType "swiss"]
[EventCountry "RUS"]
[SourceTitle "playchess.com"]
[Source "ChessBase"]
[SourceQuality "1"]
[TimeControl "900+10"]

1. e4 c5 2. Nf3 d6 3. d4 cxd4 4. Qxd4 Nc6 5. Bb5 Bd7 6. Bxc6 Bxc6 7. c4 Nf6 8. Nc3 g6 9. O-O Bg7 10. Qd3 O-O 11. h3 a6 12. Be3 Qa5 13. a3 Rfc8 14. b4 Qc7 15. Rac1 Nd7 16. Nd5 Qd8 17. Bd4 b5 18. Bxg7 Kxg7 19. c5 dxc5 20. bxc5 e6 21. Qd4+ Kg8 22. Ne3 Nf6 23. Qe5 Bxe4 24. Rfd1 Qe7 25. Nd4 Ra7 26. f3 Ba8 27. Nb3 Rd7 28. Rxd7 Nxd7 29. Qd4 e5 30. Qc3 Qg5 31. Rd1 Bxf3 32. Rxd7 Bc6 33. Rd1 f5 34. Na5 Be4 35. c6 f4 36. Ng4 Re8 37. c7 Bf5 38. Qc6 Rf8 39. Qd5+ Kg7 40. Qxe5+ Kg8 41. Rd7 1-0

[Event "RUS-chT Men Rapid 2019"]
[Site "Sochi"]
[Date "2019.10.18"]
[Round "2.1"]
[White "Kokarev, Dmitry"]
[Black "Tsydypov, Zhamsaran"]
[Result "1/2-1/2"]
[ECO "B54"]
[WhiteElo "2593"]
[BlackElo "2553"]
[Annotator "ChessBase"]
[PlyCount "76"]
[EventDate "2019.10.18"]
[EventType "swiss"]
[EventCountry "RUS"]
[SourceTitle "playchess.com"]
[Source "ChessBase"]
[SourceQuality "1"]
[TimeControl "900+10"]

1. e4 c5 2. Nf3 d6 3. d4 cxd4 4. Nxd4 Nf6 5. f3 e5 6. Nb3 a5 7. Bb5+ Nc6 8. c4 a4 9. N3d2 Qb6 10. Nc3 Qe3+ 11. Qe2 Qxe2+ 12. Kxe2 Bd7 13. Kd1 Nd4 14. Bxd7+ Kxd7 15. Nf1 Be7 16. Ne3 Rhc8 17. Bd2 Bd8 18. Rb1 Ra6 19. Be1 Ba5 20. Bh4 Nh5 21. Nxa4 Bd8 22. Bxd8 Rxa4 23. Bb6 Rxa2 24. Bxd4 exd4 25. Nd5 Kd8 26. Kc2 b5 27. Kd3 Rxc4 28. Ra1 Rxb2 29. Ra8+ Rc8 30. Rxc8+ Kxc8 31. Rc1+ Kd8 32. g4 Nf6 33. Nxf6 gxf6 34. Kxd4 Rxh2 35. Rb1 h5 36. Rxb5 hxg4 37. fxg4 Ke7 38. Ke3 Rh3+ 1/2-1/2

[Event "RUS-chT Men Rapid 2019"]
[Site "Sochi"]
[Date "2019.10.18"]
[Round "2.2"]
[White "Triapishko, Alexandr"]
[Black "Shariyazdanov, Andrey"]
[Result "1/2-1/2"]
[ECO "B06"]
[WhiteElo "2514"]
[BlackElo "2519"]
[Annotator "ChessBase"]
[PlyCount "63"]
[EventDate "2019.10.18"]
[EventType "swiss"]
[EventCountry "RUS"]
[SourceTitle "playchess.com"]
[Source "ChessBase"]
[SourceQuality "1"]
[TimeControl "900+10"]

1. Nf3 g6 2. e4 Bg7 3. d4 d6 4. c3 Nf6 5. Bd3 Nc6 6. O-O O-O 7. Nbd2 e5 8. dxe5 Nxe5 9. Nxe5 dxe5 10. Nc4 Qe7 11. a4 Nh5 12. g3 Bh3 13. Re1 Rfd8 14. Qe2 Nf6 15. f3 Rd7 16. Be3 h5 17. Rad1 h4 18. Qf2 hxg3 19. hxg3 Rad8 20. Be2 Rxd1 21. Rxd1 Bd7 22. b3 b6 23. Bf1 Be6 24. Rxd8+ Qxd8 25. Qd2 Qxd2 26. Nxd2 Nd7 27. b4 f5 28. Bc4 Kf7 29. Bxe6+ Kxe6 30. Kf1 Bf8 31. Ke2 a6 32. Kd3 1/2-1/2

[Event "RUS-chT Men Rapid 2019"]
[Site "Sochi"]
[Date "2019.10.18"]
[Round "2.3"]
[White "Ulybin, Mikhail"]
[Black "Moiseenko, Vadim"]
[Result "0-1"]
[ECO "C70"]
[WhiteElo "2455"]
[BlackElo "2532"]
[Annotator "ChessBase"]
[PlyCount "88"]
[EventDate "2019.10.18"]
[EventType "swiss"]
[EventCountry "RUS"]
[SourceTitle "playchess.com"]
[Source "ChessBase"]
[SourceQuality "1"]
[TimeControl "900+10"]

1. e4 e5 2. Nf3 Nc6 3. Bb5 a6 4. Ba4 b5 5. Bb3 Na5 6. d4 exd4 7. Qxd4 Bb7 8. Bg5 f6 9. Bxg8 fxg5 10. Bd5 c6 11. Bb3 c5 12. Qe5+ Qe7 13. Bd5 Qxe5 14. Nxe5 Bxd5 15. exd5 Bd6 16. Nf3 g4 17. Nfd2 O-O 18. Nc3 Rae8+ 19. Nce4 Nc4 20. O-O Nxd2 21. Nxd6 Re5 22. Rfe1 Rxd5 23. Nb7 c4 24. b4 c3 25. a4 Nc4 26. axb5 axb5 27. Re2 Rd2 28. Kf1 Rxc2 29. Rxc2 Ne3+ 30. Ke2 Nxc2 31. Rc1 Nxb4 32. Rxc3 Nd5 33. Rb3 Rc8 34. Nd6 Rc2+ 35. Kd3 Rc6 36. Nxb5 Nf4+ 37. Kd4 Nxg2 38. Nc3 h5 39. Ne4 Nf4 40. Rb7 d5 41. Ng5 Rc8 42. Ke5 Rf8 43. Rd7 Ng6+ 44. Kxd5 Rf5+ 0-1

[Event "RUS-chT Men Rapid 2019"]
[Site "Sochi"]
[Date "2019.10.18"]
[Round "2.4"]
[White "Rozum, Ivan"]
[Black "Pingin, Artem"]
[Result "0-1"]
[ECO "E16"]
[WhiteElo "2599"]
[BlackElo "2048"]
[Annotator "ChessBase"]
[PlyCount "105"]
[EventDate "2019.10.18"]
[EventType "swiss"]
[EventCountry "RUS"]
[SourceTitle "playchess.com"]
[Source "ChessBase"]
[SourceQuality "1"]
[TimeControl "900+10"]

1. d4 Nf6 2. c4 e6 3. Nf3 b6 4. g3 Bb7 5. Bg2 Bb4+ 6. Bd2 Be7 7. O-O O-O 8. Nc3 c6 9. Bf4 d5 10. Rc1 Nh5 11. Bd2 Nf6 12. Bg5 h6 13. Bxf6 Bxf6 14. e4 dxc4 15. e5 Be7 16. Qe2 b5 17. Ne4 Nd7 18. b3 Qa5 19. bxc4 bxc4 20. Nfd2 Nb6 21. Qe3 Rfd8 22. Nc5 Bxc5 23. dxc5 Qxd2 24. cxb6 Qxe3 25. fxe3 axb6 26. Rf2 c3 27. Rxc3 Rd1+ 28. Rf1 Rxf1+ 29. Kxf1 Rxa2 30. Kg1 Ra5 31. Rd3 Rxe5 32. Rd8+ Kh7 33. Rd7 Ba6 34. Bxc6 Kg6 35. Ra7 Bb5 36. Bf3 Rxe3 37. Kf2 Rb3 38. h4 Bc4 39. Rd7 Kf6 40. g4 g6 41. Rd8 Rb5 42. Ke3 Bd5 43. Bd1 Rb4 44. h5 b5 45. hxg6 Kxg6 46. Rb8 Kg7 47. Be2 Rb3+ 48. Kd4 b4 49. Bd1 Rb2 50. Ke5 b3 51. g5 hxg5 52. Bh5 Rh2 53. Kd4 0-1

[Event "RUS-chT Men Rapid 2019"]
[Site "Sochi"]
[Date "2019.10.18"]
[Round "2.6"]
[White "Khegay, Dmitriy"]
[Black "Potkin, Vladimir"]
[Result "0-1"]
[ECO "B53"]
[WhiteElo "2509"]
[BlackElo "2583"]
[Annotator "ChessBase"]
[PlyCount "100"]
[EventDate "2019.10.18"]
[EventType "swiss"]
[EventCountry "RUS"]
[SourceTitle "playchess.com"]
[Source "ChessBase"]
[SourceQuality "1"]
[TimeControl "900+10"]

1. e4 c5 2. Nf3 d6 3. d4 cxd4 4. Qxd4 Nf6 5. c4 Nc6 6. Qe3 e6 7. Be2 Be7 8. O-O O-O 9. Rd1 Re8 10. Nc3 Bd7 11. h3 Rc8 12. b3 Qa5 13. Bb2 a6 14. Rac1 Ne5 15. Nd4 Bf8 16. Kh1 g6 17. f4 Nc6 18. Nxc6 Bxc6 19. e5 dxe5 20. fxe5 Nd7 21. Rxd7 Bxd7 22. Ne4 Bg7 23. Bc3 Qc7 24. Rd1 Bc6 25. Nf6+ Kh8 26. Rd4 Qb6 27. Qg5 Qc5 28. Rh4 Bxf6 29. Qxf6+ Kg8 30. Bd2 Qe7 31. Qf4 Rcd8 32. Qh6 f6 33. exf6 Qf7 34. Bc3 e5 35. Qg5 Rd6 36. Qe3 Rxf6 37. Rg4 Rf4 38. Rg5 Rf5 39. Rg3 Qf6 40. b4 Qf7 41. Kh2 Rf4 42. Bd3 Rf6 43. Rg5 Rfe6 44. Rg3 Qf4 45. Qc5 h5 46. h4 Qxh4+ 47. Rh3 Qf4+ 48. Kg1 Qc1+ 49. Kh2 Qxc3 50. Bxg6 Qd4 0-1